Map: Pillars of Gold LE

Players

Namshar - Winner!

  • Race: Zerg Zerg
  • League: Grandmaster
  • Spawn Location: 7:00

Nina

  • Race: Protoss Protoss
  • League: Grandmaster
  • Spawn Location: 1:00

Event: DreamHack SC2 Masters 2020 Summer North America

VOD

Have the link to the VOD?

Description

Time

  • Played on: June 30, 2020, 6:11 p.m.
  • Length: 10:55

All games in this series

Show
View Real Time Build Order
Export as new Build Order

Namshar Zerg - Winner!

Build Orders: Hatch First, Muta Ling Bane 

Get SALT Encoding   

  12  0:00  Drone  
  13  0:12  Overlord  
  13  0:18  Drone  
  14  0:31  Drone x2  
  16  0:50  Hatchery  
  16  0:53  Drone  
  16  0:56  Drone  
  17  1:00  Drone  
  18  1:09  Extractor  
  17  1:15  Spawning Pool  
  16  1:19  Drone  
  16  1:22  Drone  
  18  1:29  Drone  
  19  1:41  Drone  
  20  1:51  Drone  
  21  2:01  Queen x2  
  21  2:02  Overlord, Zergling x2  
  26  2:13  Metabolic Boost  
  26  2:15  Drone x2  
  28  2:24  Drone x2  
  30  2:33  Zergling x2  
  31  2:41  Hatchery  
  31  2:43  Drone  
  31  2:46  Overlord  
  31  2:54  Zergling x2  
  31  2:55  Queen  
  31  2:58  Drone  
  35  3:02  Drone  
  36  3:10  Drone x4  
  36  3:11  Drone  
  41  3:15  Overlord  
  40  3:22  Drone x2  
  40  3:23  Drone  
  40  3:26  Overlord  
  43  3:34  Queen  
  43  3:36  Drone  
  43  3:37  Spore Crawler  
  43  3:38  Zergling x2  
  46  3:43  Spore Crawler  
  46  3:44  Drone  
  46  3:47  Zergling x4  
  48  3:56  Spore Crawler  
  48  3:57  Drone  
  48  3:59  Spore Crawler  
  48  4:00  Drone x4  
  52  4:08  Drone x4  
  56  4:11  Spore Crawler  
  56  4:16  Overlord  
  55  4:18  Drone x2  
  57  4:24  Lair  
  57  4:26  Drone x3  
  57  4:30  Extractor x2  
  58  4:37  Drone  
  58  4:38  Drone x4  
  63  4:50  Drone x5  
  63  4:51  Roach Warren, Drone x3  
  70  5:03  Drone x5  
  70  5:06  Queen  
  74  5:09  Extractor  
  74  5:10  Overlord, Extractor  
  74  5:14  Overlord  
  72  5:21  Overlord  
  72  5:23  Extractor  
  72  5:24  Spire  
  72  5:28  Queen  
  72  5:29  Overseer  
  72  5:31  Drone  
  72  5:32  Drone x6  
  78  5:36  Glial Reconstitution  
  78  5:39  Drone x2  
  78  5:40  Drone  
  81  5:44  Roach x3  
  87  5:50  Drone  
  87  5:54  Hatchery  
  87  5:56  Hydralisk Den  
  86  6:00  Queen  
  86  6:07  Drone  
  85  6:12  Queen x2  
  85  6:14  Overlord x2  
  85  6:17  Overlord x3  
  89  6:26  Overlord  
  89  6:33  Overlord  
  89  6:35  Drone  
  89  6:38  Mutalisk  
  89  6:39  Mutalisk x6  
  104  6:41  Mutalisk  
  106  6:50  Overlord  
  106  6:51  Mutalisk x3  
  112  6:54  Drone x3  
  112  6:57  Mutalisk  
  118  7:01  Drone  
  118  7:02  Drone  
  118  7:03  Evolution Chamber  
  118  7:05  Grooved Spines  
  118  7:15  Drone x5  
  122  7:19  Drone x2  
  125  7:23  Baneling Nest  
  124  7:30  Hydralisk x7  
  138  7:44  Hydralisk x4  
  142  7:57  Overlord, Extractor  
  142  7:58  Overlord  
  139  7:59  Extractor  
  139  8:01  Zerg Melee Weapons Level 1  
  139  8:03  Evolution Chamber, Drone  
  138  8:06  Hatchery  
  138  8:11  Centrifical Hooks  
  138  8:12  Zerg Flyer Weapons Level 1  
  137  8:14  Drone x5  
  137  8:15  Drone x2, Overlord x2  
  137  8:16  Overlord, Muscular Augments  
  144  8:20  Hydralisk x3  
  150  8:30  Zerg Missile Weapons Level 1  
  150  8:32  Overseer  
  150  8:33  Pneumatized Carapace  
  150  8:37  Hydralisk x4  
  158  8:43  Queen  
  158  8:44  Overlord  
  158  8:46  Zergling x2  
  158  8:47  Zergling x16  
  168  8:49  Zergling x2  
  168  8:50  Baneling  
  168  8:51  Baneling x5  
  169  9:00  Hydralisk  
  169  9:01  Hydralisk, Zergling x14  
  180  9:12  Baneling x16  
  180  9:17  Drone  
  181  9:18  Infestation Pit  
  181  9:23  Hydralisk, Zergling x2  
  181  9:24  Zergling x20  
  190  9:33  Hydralisk  
  190  9:34  Hydralisk x5  
  190  9:36  Hydralisk  
  189  9:42  Hydralisk  
  189  9:43  Zergling x10  
  196  9:51  Baneling  
  196  9:52  Baneling x3, Overseer  
  191  10:03  Baneling x9  
  191  10:04  Hydralisk  
  191  10:05  Zergling x24  
  199  10:13  Baneling  
  199  10:14  Baneling x8  
  196  10:36  Zergling x2  
  196  10:37  Zergling x8  
Show
View Real Time Build Order
Export as new Build Order

Nina Protoss 

Build Orders: 1 Gate Expand, Oracle Opening, Chargelot Immortal 

Get SALT Encoding   

  12  0:00  Probe  
  13  0:12  Probe  
  14  0:19  Pylon  
  14  0:24  Probe  
  15  0:33  Probe  
  15  0:39  Gateway  
  15  0:41  Probe  
  16  0:48  Assimilator  
  17  0:51  Probe  
  18  1:03  Probe  
  19  1:16  Probe  
  20  1:27  Nexus  
  20  1:37  Cybernetics Core  
  20  1:41  Probe  
  21  1:48  Assimilator  
  21  1:53  Probe  
  22  1:56  Pylon  
  22  2:05  Adept, Probe  
  23  2:13  Probe  
  25  2:19  Stargate  
  25  2:21  Probe  
  26  2:26  Warp Gate  
  27  2:34  Probe  
  27  2:35  Adept  
  30  2:38  Probe  
  31  2:46  Probe  
  32  2:53  Gateway, Probe  
  33  2:59  Oracle  
  33  3:00  Probe  
  37  3:09  Probe  
  37  3:11  Adept  
  40  3:15  Probe  
  41  3:21  Probe  
  42  3:27  Probe  
  42  3:30  Pylon  
  42  3:33  Probe  
  44  3:36  Pylon  
  44  3:38  Oracle  
  44  3:39  Probe  
  45  3:45  Probe  
  49  3:49  Robotics Facility  
  49  3:52  Probe  
  50  3:57  Probe  
  51  4:04  Probe  
  51  4:07  Nexus  
  51  4:09  Phoenix  
  52  4:11  Pylon  
  52  4:15  Probe  
  53  4:19  Probe  
  53  4:23  Assimilator  
  56  4:25  Assimilator  
  56  4:27  Probe  
  57  4:31  Sentry, Shield Battery  
  59  4:39  Immortal  
  59  4:40  Zealot  
  59  4:41  Probe x2  
  67  4:53  Probe  
  67  4:54  Probe  
  69  5:05  Probe  
  70  5:09  Pylon  
  70  5:10  Immortal  
  70  5:11  Pylon  
  70  5:12  Twilight Council  
  70  5:19  Probe x2  
  76  5:22  Probe  
  76  5:25  Sentry  
  79  5:29  Probe  
  79  5:31  Probe  
  79  5:34  Sentry  
  79  5:35  Probe  
  84  5:37  Probe  
  84  5:39  Pylon  
  84  5:41  Immortal, Forge  
  85  5:43  Probe  
  85  5:45  Probe  
  85  5:47  Probe  
  88  5:55  Probe  
  93  5:57  Probe  
  93  5:59  Probe  
  95  6:09  Probe  
  94  6:11  Phoenix  
  94  6:14  Zealot x2, Probe  
  94  6:15  Shield Battery  
  101  6:18  Assimilator  
  101  6:20  Immortal, Probe  
  101  6:23  Assimilator, Pylon  
  101  6:25  Probe  
  107  6:26  Probe  
  107  6:27  Shield Battery  
  107  6:31  Photon Cannon  
  108  6:32  Probe  
  108  6:39  Pylon  
  109  6:40  Phoenix  
  109  6:41  Probe  
  109  6:43  Pylon x2  
  112  6:49  Probe  
  112  6:50  Probe  
  112  6:54  Gateway, Protoss Ground Weapons Level 1  
  114  6:57  Gateway  
  114  7:00  Charge  
  114  7:02  Observer  
  115  7:12  Phoenix  
  114  7:19  Templar Archives  
  114  7:22  Gateway x2  
  114  7:25  Gateway  
  114  7:26  Gateway  
  114  7:27  Gateway  
  114  7:29  Probe  
  113  7:31  Stalker x2  
  115  7:37  Phoenix  
  107  7:46  Probe  
  108  7:54  Probe  
  108  7:56  Probe  
  108  7:58  Probe  
  109  8:04  Phoenix  
  111  8:11  Psionic Storm  
  111  8:13  High Templar x2  
  111  8:16  Probe  
  111  8:18  Photon Cannon  
  116  8:24  High Templar  
  118  8:30  Photon Cannon  
  118  8:34  High Templar, Pylon  
  118  8:35  Immortal  
  118  8:38  Photon Cannon  
  120  8:43  Photon Cannon, High Templar  
  126  8:55  Robotics Facility  
  126  8:56  Phoenix  
  126  9:01  Zealot x7  
  142  9:05  Pylon  
  142  9:06  Pylon  
  142  9:07  Pylon  
  142  9:12  High Templar  
  142  9:14  Nexus  
  142  9:15  Pylon  
  108  9:39  Zealot x8  
  108  9:40  Probe  
  108  9:44  Probe  
  126  9:47  Immortal  
  126  9:49  High Templar  
  128  9:56  Probe  
  123  10:00  High Templar x3  
  123  10:02  Zealot  
  125  10:07  High Templar  
  125  10:08  Probe  
  128  10:26  High Templar x2  
  128  10:27  Zealot x2  
  140  10:32  Archon  
  131  10:37  Zealot x3  
  131  10:39  Archon  
  131  10:40  Zealot x2  
  129  10:42  Archon  
  129  10:43  Archon  
  95  10:50  Zealot x2  
Tags
 
Add a new tag
Caveats
  • Supply blocks, unpowered buildings, or Contaminate may cause inaccurate times.
  • Supply counts are checked every 10 seconds.